 Dungeon Crawl Stone Soup version 0.19-b1-3-g7dea586 (webtiles) character file.

11506 tognito the Severer (level 11, -7/133 HPs)
             Began as a Minotaur Berserker on Oct 28, 2016.
             Was a High Priest of Trog.
             Mangled by a hornet (10 damage)
             ... on level 11 of the Dungeon.
             The game lasted 00:42:26 (9694 turns).

tognito the Severer (Minotaur Berserker)            Turns: 9694, Time: 00:42:26

Health: -7/133     AC: 24    Str: 31    XL:     11   Next: 50%
Magic:  3/3        EV: 10    Int:  6    God:    Trog [*****.]
Gold:   665        SH:  3    Dex:  9    Spells: 0 memorised, 10 levels left

rFire  . . .     SeeInvis .     a - +1 battleaxe (antimagic)
rCold  . . .     Gourm    .     D - +0 plate armour
rNeg   . . .     Faith    .     (shield currently unavailable)
rPois  .         Spirit   .     r - +1 hat
rElec  .         Reflect  +     C - +1 cloak
rCorr  .         Harm     .     v - +0 pair of gloves
MR     .....     Rnd*Tele +     A - +0 pair of boots
Stlth  ..........               g - +3 amulet of reflection
                                F - +3 ring of protection
                                z - ring of teleportation

@: berserking, slowed, drained
A: retaliatory headbutt, horns 2, clever 1, frail 1, slow regeneration 1
a: Berserk, Trog's Hand, Brothers in Arms, Burn Spellbooks, Renounce Religion


You were on level 11 of the Dungeon.
You worshipped Trog.
Trog was extremely pleased with you.
You were very hungry.

You visited 1 branch of the dungeon, and saw 11 of its levels.

You collected 665 gold pieces.

Inventory:

Hand Weapons
 a - a +1 antimagic battleaxe (weapon)
 b - a +0 broad axe
 s - a +1 war axe
Missiles
 B - 29 bolts
Armour
 r - a +1 hat (worn)
 u - a +1 buckler
 v - a +0 pair of gloves (worn)
 A - a +0 pair of boots (worn)
 C - a +1 cloak (worn)
 D - a +0 plate armour (worn)
Jewellery
 g - a +3 amulet of reflection (around neck)
 z - a ring of teleportation (left hand)
 F - a +3 ring of protection (right hand)
Wands
 k - a wand of slowing (34/48)
 l - a wand of paralysis (3/24)
 o - a wand of slowing (34/48)
 y - a wand of lightning (2/15)
 H - a wand of random effects (28/48)
 I - a wand of disintegration (9/24)
 J - a wand of polymorph (12/24)
Scrolls
 d - 2 scrolls of recharging
 e - 5 scrolls of teleportation
 h - a scroll of enchant armour
 m - 6 scrolls of remove curse
 n - 5 scrolls of identify
 E - a scroll of immolation {unknown}
Potions
 f - 3 potions of curing
 i - a potion of heal wounds
 p - a potion of haste
 x - 2 potions of flight
Comestibles
 c - 5 bread rations
 j - 2 slices of pizza
 q - 11 royal jellies
 t - 5 fruits
 w - 4 meat rations
 G - 6 beef jerkies


   Skills:
 * Level 9.8(9.7) Fighting
 * Level 15.0(14.8) Axes
 + Level 10.5(10.3) Armour
 + Level 4.8(4.6) Dodging
 - Level 1.2(1.1) Stealth
 + Level 5.2(5.1) Shields


You had 10 spell levels left.
You didn't know any spells.

Dungeon Overview and Level Annotations

Branches:
Dungeon (11/15)            Temple (0/1) D:6            Lair (0/6) D:10
    Orc (0/2) D:10

Altars:
Ashenzari
Dithmenos
Gozag
Makhleb
Okawaru
Sif Muna
Trog
Zin

Shops:
D:4 *


Innate Abilities, Weirdness & Mutations

You reflexively headbutt those who attack you in melee.
You have a pair of horns on your head.
Your mind is acute. (Int +2)
You are frail. (-10% HP)
You regenerate slowly when monsters are visible.


Message History

The hornet stings you.
* * * LOW HITPOINT WARNING * * *
You suddenly lose the ability to move!
The hornet stings you!
* * * LOW HITPOINT WARNING * * *
You feel as though you will be slow longer.
The gargoyle hits you but does no damage.
The hornet stings you but does no damage.
The gargoyle hits you but does no damage.
The hornet stings you but does no damage.
The hornet stings you but does no damage.
The gargoyle hits you but does no damage.
You can move again.
You hit the gargoyle but do no damage. You miss the hornet.
The hornet stings you!
* * * LOW HITPOINT WARNING * * *
You feel as though you will be slow longer.
You slash the gargoyle!
The gargoyle is moderately damaged.
You closely miss the hornet. The hornet stings you!
You die...

.# #..# #..
.####..#####..####
.................
............ ....
####..##..# #..#
#..##..# #..#
#...#..# #..# .#
######.#..#
#.9#####..#
..^+?#.#..#
#.y@......#
######.#..#
#<......$.#
#...#..#
#..#####..#
#.###..# #..# ...
####.###..# #..# .
..........# #†)#
...[......# #.[#
########..# #..#
#..# #..#


You could see a hornet and a gargoyle.

Vanquished Creatures
  Josephine (D:10)
  Erolcha (D:9)
  A hill giant (D:10)
  The ghost of Nicoed the Destroyer, a novice DECj (D:6)
  A centaur zombie (D:10)
  A gargoyle (D:10)
  A komodo dragon (D:10)
  A troll (D:9)
  A hornet (D:10)
  A hippogriff (D:9)
  4 wyverns
  10 yaks
  5 wraiths (D:10)
  A hungry ghost (D:9)
  A mottled dragon (D:11)
  A soldier ant (D:10)
  2 black bears
  4 sky beasts
  5 orc warriors
  2 ice beasts
  A phantom (D:6)
  6 ogres
  A boggart (D:11)
  3 centaurs
  2 big kobolds
  7 bullfrogs
  A gnoll sergeant (D:8)
  2 water moccasin zombies
  A scorpion (D:11)
  The ghost of Lluna the Ruffian, a weakling DrTm (D:3)
  3 wights (D:10)
  4 howler monkeys
  6 crimson imps
  3 hounds
  8 orc wizards
  A bullfrog skeleton (D:9)
  5 orc priests
  A gnoll shaman (D:6)
  2 iguanas
  2 killer bee zombies
  6 worker ants
  A hound skeleton (D:10)
  14 gnolls
  13 adders
  A river rat (D:4)
  3 shadow imps
  2 oozes
  An adder skeleton (D:4)
  3 worms
  A dart slug (D:1)
  5 leopard geckos
  64 orcs
  7 bats
  6 giant cockroaches
  5 goblins
  5 hobgoblins (D:1)
  3 jackals (D:8)
  7 quokkas
  2 ball pythons
  3 frilled lizards
  19 kobolds
  5 rats
  2 plants (D:10)
283 creatures vanquished.

Vanquished Creatures (others)
  A kobold (D:8)
  A plant (D:10)
2 creatures vanquished.

Grand Total: 285 creatures vanquished

Notes
Turn   | Place    | Note
-------+----------+-------------------------------------------
     0 | D:1      | tognito the Minotaur Berserker began the quest for the Orb.
     0 | D:1      | Reached XP level 1. HP: 19/19 MP: 0/0
   252 | D:1      | Reached skill level 4 in Axes
   252 | D:1      | Reached XP level 2. HP: 27/27 MP: 1/1
   504 | D:1      | Gained mutation: Your mind is acute. (Int +2) [potion of mutation]
   504 | D:1      | Gained mutation: You are frail. (-10% HP) [potion of mutation]
   504 | D:1      | Gained mutation: You regenerate slowly when monsters are visible. [potion of mutation]
   586 | D:1      | Reached ** piety under Trog
   705 | D:1      | Reached XP level 3. HP: 26/29 MP: 2/2
  1025 | D:2      | Found a bloodstained altar of Trog.
  1108 | D:2      | Found a faded altar of an unknown god.
  1854 | D:3      | Noticed Lluna's ghost (weakling DrTm)
  1869 | D:3      | Killed Lluna's ghost
  1869 | D:3      | Reached skill level 5 in Axes
  1869 | D:3      | Reached XP level 4. HP: 30/36 MP: 3/3
  2245 | D:3      | Reached XP level 5. HP: 41/42 MP: 4/4
  2656 | D:4      | Reached skill level 6 in Axes
  2667 | D:4      | Reached XP level 6. HP: 9/49 MP: 5/5
  2954 | D:4      | Found a shadowy altar of Dithmenos.
  2963 | D:4      | Reached skill level 5 in Fighting
  2964 | D:4      | Reached *** piety under Trog
  3580 | D:4      | Found Beniun's Assorted Antiques.
  3662 | D:4      | Reached skill level 5 in Armour
  3832 | D:5      | Entered Level 5 of the Dungeon
  3848 | D:5      | Reached XP level 7. HP: 37/54 MP: 6/6
  3881 | D:5      | Reached skill level 7 in Axes
  4241 | D:5      | Found a shattered altar of Ashenzari.
  4836 | D:6      | Reached XP level 8. HP: 55/63 MP: 7/7
  4845 | D:6      | Reached skill level 8 in Axes
  4914 | D:6      | Reached skill level 1 in Shields
  4933 | D:6      | Noticed Nicoed's ghost (novice DECj)
  4942 | D:6      | Killed Nicoed's ghost
  4942 | D:6      | Reached skill level 9 in Axes
  5155 | D:6      | Found a staircase to the Ecumenical Temple.
  5213 | D:6      | Found an opulent altar of Gozag.
  5221 | D:6      | Found a glowing silver altar of Zin.
  5289 | D:6      | You fall through a shaft for 3 floors!
  5307 | D:9      | Noticed a troll
  5321 | D:9      | Killed a troll
  5321 | D:9      | Reached XP level 9. HP: 40/71 MP: 8/8
  5533 | D:9      | Found a burning altar of Makhleb.
  5542 | D:9      | Reached skill level 1 in Stealth
  5573 | D:9      | Reached skill level 10 in Axes
  5642 | D:9      | Noticed Erolcha
  5646 | D:9      | Reached **** piety under Trog
  5675 | D:9      | Killed Erolcha
  6148 | D:9      | Reached skill level 11 in Axes
  6242 | D:9      | Reached XP level 10. HP: 50/79 MP: 9/9
  6328 | D:10     | Entered Level 10 of the Dungeon
  6749 | D:8      | Reached skill level 12 in Axes
  6749 | D:8      | Reached skill level 10 in Armour
  6902 | D:8      | Reached ***** piety under Trog
  7028 | D:6      | Found an iron altar of Okawaru.
  7216 | D:6      | Found a deep blue altar of Sif Muna.
  8249 | D:10     | Found a staircase to the Orcish Mines.
  8257 | D:10     | Reached skill level 13 in Axes
  8298 | D:10     | Noticed a gargoyle
  8313 | D:10     | Killed a gargoyle
  8332 | D:10     | Reached skill level 5 in Shields
  8347 | D:10     | Noticed Josephine
  8691 | D:10     | Reached XP level 11. HP: 77/87 MP: 10/10
  8692 | D:10     | Found a staircase to the Lair.
  8887 | D:10     | Noticed a hill giant
  8895 | D:10     | Killed a hill giant
  8895 | D:10     | Reached skill level 14 in Axes
  9191 | D:10     | Killed Josephine
  9191 | D:10     | Received a gift from Trog
  9668 | D:11     | Reached skill level 15 in Axes
  9690 | D:11     | Paralysed by a hornet for 3 turns
  9693 | D:11     | HP: 3/133 [hornet (7)]
  9694 | D:11     | Mangled by a hornet

Skill      XL: |  1  2  3  4  5  6  7  8  9 10 11 |
---------------+----------------------------------+-----
Axes           | 4 5 6 7 9 11 13 15 | 15.0
Fighting       | 4 5 6 7 8 9 |  9.8
Armour         | 3 4 5 6 7 9 10 | 10.5
Dodging        | 3 4 |  4.8
Shields        | 2 4 5 |  5.2
Stealth        | 1 |  1.2

Action                   |  1- 3 |  4- 6 |  7- 9 | 10-12 || total
-------------------------+-------+-------+-------+-------++-------
Melee: Hand axe          |    80 |    66 |       |       ||   146
       Headbutt          |    14 |    22 |    49 |    66 ||   151
       War axe           |       |    55 |   213 |       ||   268
       Broad axe         |       |       |    39 |   331 ||   370
       Battleaxe         |       |       |       |    37 ||    37
Invok: Berserk           |     1 |     2 |     4 |     1 ||     8
       Trog's Hand       |       |     1 |     1 |       ||     2
       Burn Spellbooks   |       |       |       |     1 ||     1
  Use: Potion            |     7 |     2 |     3 |     4 ||    16
       Scroll            |       |       |    10 |     4 ||    14
 Stab: Invisible         |       |       |     1 |       ||     1
  Eat: Chunk             |     3 |    10 |    13 |    12 ||    38
       Bread ration      |       |       |     1 |       ||     1
Armor: Ring mail         |    18 |       |       |       ||    18
       Scale mail        |     7 |    40 |       |       ||    47
       Chain mail        |       |     9 |   123 |       ||   132
       Plate armour      |       |       |    13 |   174 ||   187
Dodge: Dodged            |    51 |    73 |   101 |   135 ||   360
Block: Buckler           |       |     1 |    52 |   120 ||   173
       Reflection        |       |       |     1 |    12 ||    13
       Other             |       |       |       |     5 ||     5
